 Dungeon Crawl Stone Soup version 0.31-a0-102-g33a4ccc0cb (webtiles) character file.

Game seed: 11108391328669493022

25323 frimble the Fighter (level 13, -10/93 HPs)
             Began as an Octopode Warper on May 26, 2023.
             Was a High Priest of Cheibriados.
             Mangled by a five-headed hydra (12 damage)
             ... on level 12 of the Dungeon.
             The game lasted 00:16:19 (14632 turns).

frimble the Fighter (Octopode Warper)              Turns: 14632, Time: 00:16:20

Health: -10/93     AC:  6    Str: 29    XL:     13   Next: 18%
Magic:  4/10       EV: 26    Int: 31    God:    Cheibriados [*****.]
Gold:   555        SH:  0    Dex: 39    Spells: 14/16 levels left

rFire   + + +        G - +2 scimitar (flame)
rCold   + . .        (no shield)
rNeg    + . .        u - +1 hat of the Midnight Sun {rF+++ MP-9 Dex+9}
rPois   .            m - amulet of magic regeneration
rElec   .            I - ring of positive energy
rCorr   +            g - +6 ring of dexterity
SInv    +            x - ring of resist corrosion
Will    .....        J - ring of protection from cold
Stlth   +++++++      v - ring "Qesotoix" {Drain Fly Str+6 Slay+3 SInv}
HPRegen 0.35/turn    A - +4 ring of protection
MPRegen 0.52/turn    (no ring)
                     (no ring)

%: no passive effects
@: on blink cooldown, flying, very slow
A: almost no armour, amphibious, 8 rings, camouflage 1, gelatinous body 1,
(nimble swimmer 1), tentacles
a: Renounce Religion, Bend Time, Temporal Distortion, Slouch, Step From Time


You were on level 12 of the Dungeon.
You worshipped Cheibriados.
Cheibriados was extremely pleased with you.
You visited 2 branches of the dungeon, and saw 13 of its levels.

You collected 828 gold pieces.
You spent 273 gold pieces at shops.

Inventory:

Hand Weapons
 a - a +0 short sword of protection
 k - a +2 dagger of venom
 z - a +2 scimitar of holy wrath
 G - a +2 scimitar of flaming (weapon)
Missiles
 c - 11 boomerangs of dispersal (quivered)
 o - 16 boomerangs
Armour
 u - the +1 hat of the Midnight Sun (worn) {rF+++ MP-9 Dex+9}
   (You acquired it on level 5 of the Dungeon)

   Dex:       It affects your dexterity (+9).
   rF:        It renders you almost immune to fire.
   MP:        It affects your magic capacity (-9).
Jewellery
 e - a ring of ice
 g - a +6 ring of dexterity (right tentacle)
 m - an amulet of magic regeneration (around mantle)
 v - the ring "Qesotoix" (on tentacle) {Drain Fly Str+6 Slay+3 SInv}
   (You found it on level 8 of the Dungeon)

   [ring of strength]

   Str:       It affects your strength (+6).
   Slay:      It affects your accuracy & damage with ranged weapons and melee
   (+3).
   SInv:      It lets you see invisible.
   Fly:       It grants you flight.
   Drain:     It drains your maximum health when unequipped.
 x - a ring of resist corrosion (on tentacle)
 A - a +4 ring of protection (on tentacle)
 F - a ring of fire
 I - a ring of positive energy (left tentacle)
 J - a ring of protection from cold (on tentacle)
Wands
 n - a wand of mindburst (45)
 y - a wand of iceblast (21)
 B - a wand of flame (18)
 L - a wand of polymorph (1)
Scrolls
 b - a scroll of blinking
 q - 2 scrolls of teleportation
 r - 3 scrolls of enchant weapon
 C - 2 scrolls of enchant armour
 H - a scroll of silence
 K - 2 scrolls of identify
Potions
 d - 5 potions of mutation
 f - 4 potions of brilliance
 h - 5 potions of might
 i - 3 potions of attraction
 j - 4 potions of lignification
 l - 3 potions of curing
 p - 5 potions of heal wounds
 s - 2 potions of magic
 t - 2 potions of berserk rage
 w - a potion of haste
 D - a potion of enlightenment
 E - a potion of cancellation


   Skills:
 - Level 10.5 Fighting
 - Level 9.2(10.5) Short Blades
 + Level 7.9(9.9) Long Blades
 - Level 1.2 Throwing
 - Level 9.1 Dodging
 - Level 10.0 Stealth
 - Level 2.1 Spellcasting
 - Level 3.1 Translocations
 + Level 8.2 Invocations
 + Level 8.2 Evocations


You had 14 spell levels left.
You knew the following spells:

 Your Spells              Type           Power      Damage    Failure   Level
a - Blink                 Tloc           44%        N/A       3%          2

Your spell library contained the following spells:

 Spells                   Type           Power      Damage    Failure   Level
 Apportation              Tloc           44%        N/A       1%          1
 Lesser Beckoning         Tloc           44%        N/A       3%          2
 Gell's Gravitas          Tloc           22%        N/A       6%          3
 Teleport Other           Tloc           22%        N/A       6%          3
 Magic Dart               Conj           12%        1d3       8%          1
 Necrotise                Necr           12%        1d4       8%          1
 Sandblast                Erth           6%         2d5       8%          1
 Summon Small Mammal      Summ           12%        N/A       8%          1
 Searing Ray              Conj           6%         2d4       11%         2
 Passwall                 Tmut/Erth      0%         N/A       12%         2
 Portal Projectile        Hex/Tloc       22%        N/A       13%         3
 Vhi's Electric Charge    Tloc/Air       22%        N/A       13%         3
 Volatile Blastmotes      Fire/Tloc      22%        2d11      13%         3
 Manifold Assault         Tloc           22%        N/A       21%         4
 Call Canine Familiar     Summ           3%         N/A       22%         3
 Tukima's Dance           Hex            3%         N/A       22%         3
 Vampiric Draining        Necr           3%         2d6       22%         3
 Dazzling Flash           Conj/Hex       2%         N/A       24%         3
 Stone Arrow              Conj/Erth      2%         3d7       24%         3
 Summon Guardian Golem    Hex/Summ       1%         N/A       24%         3
 Iskenderun's Mystic Bla  Conj/Tloc      11%        2d4       41%         4
 Fulminant Prism          Conj/Hex       0%         3d5       63%         4
 Agony                    Necr           3%         N/A       90%         5
 Blade Hands              Tmut           1%         N/A       90%         5
 Irradiate                Conj/Tmut      0%         3d11      92%         5
 Dispersal                Tloc           11%        N/A       97%         6
 Starburst                Conj/Fire      0%         6d3       100%        6
 Dragon Form              Tmut           1%         N/A       100%        7
 Orb of Destruction       Conj           1%         9d5       100%        7
 Spellforged Servitor     Conj/Summ      0%         N/A       100%        7


Dungeon Overview and Level Annotations

Branches:
Dungeon (12/15)            Temple (0/1) D:4            Lair (1/5) D:10
    Orc (0/2) D:9

Altars:
Cheibriados
Elyvilon
Fedhas
Gozag
Kikubaaqudgha
Nemelex Xobeh
Qazlal
Ru
Sif Muna
Trog
Vehumet
Wu Jian
Xom
Zin
The Shining One

Shops:
D:3 **   D:7 *

Annotations:
D:1 1 transporter
D:12 1 runed translucent door


Innate Abilities, Weirdness & Mutations

You cannot wear most types of armour.
You are amphibious.
You can wear up to eight rings at the same time.
Your skin changes colour to match your surroundings (Stealth+).
Your rubbery body absorbs attacks. (AC +1, EV +1)
((You are camouflaged when in or above water. (Stealth+)))
You have tentacles for arms and can constrict up to eight enemies at once.


Message History

The boulder beetle is almost dead.
The boulder beetle leaps!
The six-headed hydra bites you! The six-headed hydra misses you.
The six-headed hydra bites you! The six-headed hydra bites you.
The six-headed hydra closely misses you.
The six-headed hydra barely misses you.
The boulder beetle leaps!
The six-headed hydra completely misses you.
The six-headed hydra closely misses you.
The six-headed hydra completely misses you. x3
The six-headed hydra bites you!
The boulder beetle leaps!
There is an open translucent door, spattered with blood here.
You chop one of the six-headed hydra's heads off!
The flame cauterises the wound!
You hit the five-headed hydra. You burn the five-headed hydra.
You squeeze the five-headed hydra!
The five-headed hydra is moderately wounded.
The five-headed hydra bites you.
The five-headed hydra completely misses you.
The five-headed hydra bites you but does no damage.
The five-headed hydra bites you!
* * * LOW HITPOINT WARNING * * *
The five-headed hydra bites you!
* * * LOW HITPOINT WARNING * * *
Casting: Blink (safe; 3% risk of failure)
Confirm with . or Enter, or press ? or * to list all spells.
You blink.
The five-headed hydra bites you but does no damage.
The five-headed hydra completely misses you.
The five-headed hydra closely misses you.
The five-headed hydra completely misses you. x2
Okay, then.
Activating: Slouch (4% risk of failure)
Press: ? - help, Dir - look around, f - activate You can feel time thicken for a moment.
You kill the boulder beetle!
Cheibriados appreciates the change of pace.
Cheibriados lowers the support of your attributes as your movement quickens.
The five-headed hydra misses you. The five-headed hydra bites you!
* * * LOW HITPOINT WARNING * * *
The five-headed hydra bites you!
You die...

..## ##.. ..# ############.. .##
##########..##. .#
#.........##)#. ##
#.#.#.#.#.##.## # ###.#.#.###...#
# #..#.#..###..#
#####.##.#.#.##.#...
###.@#.##.#.#.##...#.
#.§D.+.####.###...... ##.#..###
#...##.##... ##B
#.##########.##..##..# ...
#.........##.##.#....#
##########..##########
#################################
.................................
#####............................


You could see a five-headed hydra.

Vanquished Creatures
  Fannar (D:12)
  Erolcha (D:9)
  The ghost of SkeletonJelly the Spear-Bearer, a journeyman DsRe of Kikubaaqudgha (D:10)
  7 two-headed ogres
  A boulder beetle (D:12)
  Erica (D:9)
  A skyshark (Lair:1)
  Pikel (D:4)
  A deep elf pyromancer (D:12)
  A cyclops (D:10)
  2 ugly things
  Maurice (D:11)
  The ghost of ders the Digger, a novice GrEE (D:6)
  A gargoyle (D:12)
  A cane toad (Lair:1)
  3 komodo dragons
  An unseen horror (D:10)
  An unseen horror (shapeshifter) (D:10)
  Psyche (D:11)
  2 trolls (D:12)
  4 slime creatures (D:12)
  4 wraiths
  A vampire (D:10)
  3 wyverns
  A shadow (D:11)
  33 yaks
  2 basilisks
  A steam dragon (D:10)
  A vampire mosquito (D:12)
  2 acid dragons
  3 water moccasins
  9 orc warriors
  An ice beast (D:6)
  2 ogres
  4 sky beasts
  5 wolves (Lair:1)
  3 centaurs
  5 kobold brigands
  A phantom (D:5)
  Blork the orc (D:4)
  5 bullfrogs
  4 scorpions
  4 wights (D:5)
  13 killer bees
  A vampire bat (D:4)
  4 howler monkeys
  A quasit (D:8)
  4 hounds
  3 jellies
  A gnoll bouda (D:7)
  11 orc priests
  2 iguanas
  2 sleepcaps
  10 orc wizards
  5 gnolls (D:7)
  11 adders
  A shadow imp (D:8)
  2 white imps (D:8)
  4 ufetubi
  5 dart slugs
  37 orcs
  5 endoplasms
  3 giant cockroaches
  9 goblins
  6 hobgoblins
  8 quokkas
  7 ball pythons
  14 bats
  3 frilled lizards
  32 kobolds
  7 rats
340 creatures vanquished.

Vanquished Creatures (others)
  An orc wizard (D:7)
  A quokka (D:9)
2 creatures vanquished.

Grand Total: 342 creatures vanquished

Notes
Turn   | Place    | Note
-------+----------+-------------------------------------------
     0 | D:1      | frimble the Octopode Warper began the quest for the Orb.
     0 | D:1      | Reached XP level 1. HP: 14/14 MP: 3/3
   118 | D:1      | Found a faded altar of an unknown god.
   124 | D:1      | Reached XP level 2. HP: 19/19 MP: 5/5
   456 | D:1      | Reached XP level 3. HP: 13/25 MP: 6/6
  1483 | D:2      | Reached XP level 4. HP: 31/31 MP: 7/7
  1632 | D:2      | Learned a level 2 spell: Blink
  1657 | D:3      | Reached skill level 1 in Stealth
  1702 | D:3      | Found Gozag's Platinum Reserve.
  1705 | D:3      | Found an opulent altar of Gozag.
  1814 | D:3      | Reached XP level 5. HP: 22/36 MP: 6/8
  1925 | D:3      | Found Poll's General Store.
  1937 | D:3      | Found a blossoming altar of Fedhas.
  2425 | D:4      | Noticed a water moccasin
  2434 | D:4      | Killed a water moccasin
  2435 | D:4      | Reached XP level 6. HP: 30/43 MP: 9/9
  2576 | D:4      | Noticed Blork the orc
  2585 | D:4      | Killed Blork the orc
  2713 | D:4      | Found a staircase to the Ecumenical Temple.
  3074 | D:4      | Reached XP level 7. HP: 49/49 MP: 10/10
  3080 | D:4      | Found a glowing golden altar of the Shining One.
  3191 | D:4      | Found a glowing silver altar of Zin.
  3590 | D:5      | Entered Level 5 of the Dungeon
  3642 | D:5      | Reached skill level 5 in Stealth
  3781 | D:5      | Noticed Pikel
  3803 | D:4      | Killed Pikel
  3804 | D:4      | Reached skill level 5 in Fighting
  3804 | D:4      | Reached skill level 5 in Short Blades
  3804 | D:4      | Reached XP level 8. HP: 37/56 MP: 11/11
  4503 | D:5      | Reached skill level 5 in Dodging
  4645 | D:5      | Found a radiant altar of Vehumet.
  4850 | D:5      | Found a shimmering altar of Xom.
  5067 | D:5      | Identified a scroll of acquirement
  5067 | D:5      | Acquired the +1 hat of the Midnight Sun {rF+++ MP-9 Dex+9}
  5133 | D:6      | Reached XP level 9. HP: 62/62 MP: 3/12
  5208 | D:6      | Found a snail-covered altar of Cheibriados.
  5230 | D:6      | Became a worshipper of Cheibriados the Contemplative
  5368 | D:6      | Found a runed translucent door.
  5417 | D:6      | Found a bloodstained altar of Trog.
  5863 | D:6      | Noticed ders's ghost (novice GrEE)
  6319 | D:6      | Killed ders's ghost
  6546 | D:7      | Reached * piety under Cheibriados
  6621 | D:7      | Reached skill level 1 in Long Blades
  7021 | D:7      | Reached XP level 10. HP: 13/71 MP: 4/13
  7025 | D:7      | Reached ** piety under Cheibriados
  7359 | D:7      | Found Muuc Sin's Assorted Antiques.
  7367 | D:7      | Bought a smoking buckler for 247 gold pieces
  7367 | D:7      | Identified the +0 buckler "Huiryd" {Rampage rElec rPois}
                  | (You bought it in a shop on level 7 of the Dungeon)
  7367 | D:7      | Bought a scroll labelled NAPHONU VIQAHIED for 26 gold
                  | pieces
  7922 | D:7      | Reached skill level 1 in Invocations
  8199 | D:8      | Reached skill level 1 in Evocations
  8266 | D:8      | Reached *** piety under Cheibriados
  8320 | D:8      | Found a sparkling altar of Nemelex Xobeh.
  8366 | D:8      | Reached skill level 10 in Stealth
  8458 | D:8      | Identified the ring "Qesotoix" {Drain Fly Str+6 Slay+3
                  | SInv}
  8624 | D:8      | Found a stormy altar of Qazlal.
  8746 | D:9      | Noticed Erica
  8748 | D:9      | Noticed a two-headed ogre
  8878 | D:9      | Noticed Erolcha
  8881 | D:9      | Killed Erolcha
  8900 | D:9      | Found a staircase to the Orcish Mines.
  8966 | D:9      | Reached **** piety under Cheibriados
  9077 | D:9      | Found an ancient bone altar of Kikubaaqudgha.
  9227 | D:9      | Reached XP level 11. HP: 51/77 MP: 5/14
  9310 | D:9      | Found a shimmering blue altar of Sif Muna.
  9660 | D:9      | Killed Erica
  9695 | D:9      | Found a white marble altar of Elyvilon.
  9700 | D:9      | Killed a two-headed ogre
  9881 | D:9      | Found a sacrificial altar of Ru.
  9902 | D:9      | Noticed a two-headed ogre
  9909 | D:9      | Killed a two-headed ogre
  9988 | D:10     | Entered Level 10 of the Dungeon
 10002 | D:10     | Found a runed translucent gate.
 10003 | D:10     | Found a runed translucent gate.
 10003 | D:10     | Noticed a red ugly thing
 10004 | D:10     | Found a runed translucent gate.
 10004 | D:10     | Noticed a cyclops
 10010 | D:10     | Noticed SkeletonJelly's ghost (journeyman DsRe)
 10022 | D:10     | a queen bee changed into a fire crab
 10022 | D:10     | Noticed a fire crab (shapeshifter)
 10125 | D:10     | Noticed a two-headed ogre
 10126 | D:10     | Noticed a two-headed ogre
 10286 | D:10     | Found an ornate altar of the Wu Jian Council.
 10311 | D:10     | Found a staircase to the Lair.
 10639 | D:10     | Reached ***** piety under Cheibriados
 10724 | D:10     | Noticed a two-headed ogre
 10733 | D:10     | Killed a two-headed ogre
 10734 | D:10     | Reached skill level 5 in Long Blades
 10888 | D:10     | Found the +7 Kryia's mail coat {PotionHeal*2 rC+}
 11064 | D:10     | Noticed a sea snake
 11195 | D:10     | Noticed a faun
 11283 | D:11     | Reached skill level 5 in Invocations
 11289 | D:11     | Noticed Psyche
 11297 | D:11     | Killed Psyche
 11298 | D:11     | Reached skill level 5 in Evocations
 11317 | D:11     | Noticed a two-headed ogre
 11324 | D:11     | Killed a two-headed ogre
 11472 | D:11     | Noticed a two-headed ogre
 11488 | D:11     | Killed a two-headed ogre
 11489 | D:11     | Reached XP level 12. HP: 30/85 MP: 7/16
 11984 | D:11     | Identified the +3 short sword "Rurik" {antimagic, *Corrode
                  | rN+ Str+3 Dex+5}
 11997 | D:11     | Noticed Maurice
 12007 | D:11     | Killed Maurice
 12326 | Lair:1   | Entered Level 1 of the Lair of Beasts
 12846 | Lair:1   | Noticed a skyshark
 12864 | Lair:1   | Killed a skyshark
 13131 | D:10     | Reached skill level 10 in Fighting
 13133 | D:10     | Killed a two-headed ogre
 13153 | D:10     | Killed SkeletonJelly's ghost
 13752 | D:12     | Reached XP level 13. HP: 51/93 MP: 9/18
 13964 | D:12     | Found a runed translucent door.
 13965 | D:12     | Found a runed translucent door.
 14328 | D:12     | Noticed Fannar
 14333 | D:12     | Killed Fannar
 14632 | D:12     | HP: 2/93 [five-headed hydra (10)]
 14632 | D:12     | Mangled by a five-headed hydra

Illustrated notes

Levels and vault maps discovered:
D:1:      spicycebolla_arrival_risky_transporter, layout_basic,
          hellmonk_ecumenical_altar_slurped_away
D:2:      layout_rooms, kennysheep_generic_room_6
D:3:      layout_loops_cross, fedhas_altar_2, nicolae_gozag_zags_fifth_avenue,
          nicolae_overflow_hidden_temple, serial_shops,
          nicolae_shop_competitors_out_of_business
D:4:      layout_cave_pods, nicolae_tso_swordbearing_angel,
          lemuel_coloured_pillars_altar, temple_doors_e, roderic_batcave,
          uniq_blork_the_orc
D:5:      layout_gridville, nicolae_vehumet_radiance, tgw_xom, uniq_pikel
D:6:      layout_layer_cave, mainiacjoe_overflow_brackets,
          mainiacjoe_overflow_small_starburst, ebering_ghost_sewer_d,
          st_stairs_14
D:7:      layout_gridville, serial_shops, shop
D:8:      layout_gridville, mainiacjoe_overflow_cross_hatched,
          mainiacjoe_overflow_surrounded_room, serial_demonic, serial_demonic_b,
          serial_demonic_a, serial_demonic_b, serial_demonic_a
D:9:      layout_rooms, elyvilon_altar_4, mainiacjoe_overflow_24_doors,
          nicolae_ru_awakened_eye, mainiacjoe_overflow_alcove_1, orc_0_dummy,
          uniq_erica, uniq_erolcha
D:10:     layout_loops_ring, old_standard_altar, lair_entry_dummy,
          gammafunk_ghost_split
D:11:     layout_irregular_city, uniq_psyche, uniq_maurice
D:12:     minmay_the_grid_triangle_9x9_recursive_3
          [minmay_the_grid_triangle_9x9_sparse_checkered,
          minmay_the_grid_triangle_9x9_negative_grid,
          minmay_the_grid_triangle_9x9_cache,
          minmay_the_grid_triangle_9x9_prize_special,
          minmay_the_grid_triangle_9x9_from_above,
          minmay_the_grid_triangle_9x9_tough_junction,
          minmay_the_grid_triangle_9x9_windchime,
          minmay_the_grid_triangle_9x9_dagger,
          minmay_the_grid_triangle_9x9_swiss_cheese], layout_rooms,
          minmay_misc_feat_chi, uniq_fannar
Lair:1:   layout_loops_ring, grunt_megastairs_1, uniq_gastronok

Skill      XL: |  1  2  3  4  5  6  7  8  9 10 11 12 13 |
---------------+----------------------------------------+-----
Fighting       | 3 4 5 6 7 8 9 10 | 10.5
Short Blades   | 3 4 5 6 7 8 9 |  9.2
Stealth        | 2 3 4 6 7 9 10 | 10.0
Dodging        | 3 4 5 6 7 8 9 |  9.1
Long Blades    | 1 3 5 7 |  7.9
Invocations    | 3 5 7 8 |  8.2
Evocations     | 3 5 7 8 |  8.2
Throwing       | |  1.2
Spellcasting   | |  2.1
Translocations | |  3.1

Action                     |  1- 3 |  4- 6 |  7- 9 | 10-12 | 13-15 || total
---------------------------+-------+-------+-------+-------+-------++-------
  Melee: Short sword       |    83 |       |       |       |       ||    83
         Constrict         |    25 |    23 |    45 |    80 |     2 ||   175
         Tentacles         |    12 |    19 |    84 |   158 |    16 ||   289
         Dagger            |    13 |    76 |   245 |   238 |     1 ||   573
         Punch             |       |     2 |     4 |     3 |       ||     9
         Scimitar          |       |       |    13 |   219 |    42 ||   274
  Throw: Boomerang         |       |       |       |     2 |       ||     2
   Cast: Blink             |       |     1 |     5 |     8 |     2 ||    16
 Invoke: Slouch            |       |       |       |     2 |     1 ||     3
  Evoke: Wand              |       |       |     3 |    12 |       ||    15
    Use: Scroll            |     1 |     4 |     7 |    12 |       ||    24
         Potion            |       |       |     1 |     1 |       ||     2
   Stab: Sleeping          |     6 |    11 |    14 |    20 |     2 ||    53
         Distracted        |       |       |     1 |     1 |     1 ||     3
 Armour: Skin              |     9 |     4 |    20 |    14 |     3 ||    50
  Dodge: Dodged            |    51 |    36 |   156 |   418 |    41 ||   702

Table legend: (Time is in decaauts)
 A = Elapsed time spent in this place.
 B = Non-inter-level travel time spent in this place.
 C = Inter-level travel time spent in this place.
 D = Time resting spent in this place.
 E = Time spent auto-exploring this place.
 F = Levels seen in this place.
 G = Mean time per level.
                   A        B        C        D        E       F      G
               +--------+--------+--------+--------+--------+-----+--------+
         Total |  17581 |  16786 |    795 |      3 |  14240 |  13 | 1352.4 |
       Dungeon |  16818 |  16084 |    734 |      3 |  13741 |  12 | 1401.5 |
          Lair |    762 |    702 |     60 |      0 |    499 |   1 |  762.0 |
               +--------+--------+--------+--------+--------+-----+--------+

Top non-repeatable levels by time:
    D:10: 2519 daAuts
     D:6: 1774 daAuts
     D:7: 1725 daAuts
    D:11: 1685 daAuts
    D:12: 1603 daAuts
     D:9: 1603 daAuts
     D:5: 1429 daAuts
     D:4: 1264 daAuts
     D:1: 1111 daAuts
     D:8: 839 daAuts
  Lair:1: 762 daAuts
     D:3: 734 daAuts
     D:2: 527 daAuts
